Croesus, chaotic female elven Ranger #### ### #### #..############# ###.## #### ####..### ######..............####....# ##..# #.......# ####......##########...#.#.@..## ##...# ##.*....# #........### #......D#### ##..# ##### ###....# #..........# ###.....### #.## #...## ##...## ####.......# #.....%...# #+# #....## #....## #.....#### #......%#.# #.# ##....# ##....## #....## #.....#.# . #.# ###.#..### #.....# #....# ##...##.# .. #.# #...##...# ##....## #....## ######.. #..# #.####.#####..### #.....###.....# #.. ### #.<....# ##...# ##.....##.....## #.. #.....## ###.### #.....###......# .. #.....# #...#####.#####.......## ##. ##.###.### ###.#.....# ###.##....## . ##...##...# ##.....### #...#.###..# ## ##...###..# #....%..####.##.. #..# ##.## ##.# ##...........##### #### ### ### #####.####### ### Croesus the Trailblazer Experience level: 9 Strength: 18 Dexterity: 15 Constitution: 15 Intelligence: 13 Wisdom: 15 Charisma: 5 Health: 0(68) Energy: 57(57) Def: 16 Gold: 197 Moves: 22751 Dungeon seed: 2VonFPVF6T55bWBe Game ID: Croesus_1604655689 Your Inventory: Weapons a - an uncursed +0 axe d - an uncursed +0 dagger of frost (alternate weapon; not wielded) e - an uncursed burnt +1 elven bow (weapon in hand) o - an uncursed +4 arrow D - 9 uncursed poisoned +1 orcish arrows G - 5 blessed poisoned +2 orcish arrows L - 47 uncursed +2 elven arrows (in quiver) N - 32 uncursed +0 elven arrows W - 15 uncursed poisoned +0 orcish arrows X - 62 uncursed +0 arrows Armor b - a blessed rotted +2 elven cloak (being worn) j - a blessed +1 orcish helm (being worn) m - an uncursed burnt +0 pair of leather gloves (being worn) n - an uncursed burnt rotted +0 pair of speed boots (being worn) r - an uncursed +0 elven mithril-coat (being worn) t - an uncursed +0 shield of reflection (being worn) Comestibles f - an uncursed female lizard corpse h - 2 uncursed tripe rations O - an uncursed tin of female stalker meat P - 6 uncursed lembas wafers Q - an uncursed male lizard corpse V - an uncursed eucalyptus leaf Scrolls p - a cursed scroll of confuse monster Potions i - 2 uncursed potions of extra healing Rings s - an uncursed +1 ring of searching (on left hand) C - an uncursed ring of hunger (on right hand) F - an uncursed ring of poison immunity Wands c - an uncursed wand of slow monster (0:1) l - an uncursed wand of cold (0:4) q - an uncursed wand of teleportation (0:3) x - an uncursed wand of striking (0:8) y - an uncursed wand of light (0:12) A - an uncursed wand of slow monster (0:3) I - an uncursed wand of fire (0:3) K - an uncursed wand of sleep (0:3) R - an uncursed wand of striking (0:1) S - an uncursed wand of digging (0:4) Y - an uncursed wand of sleep (0:7) Tools k - an uncursed skeleton key u - an uncursed +0 unicorn horn w - an uncursed magic whistle T - an uncursed towel U - an uncursed tinning kit (0:48) Gems z - an uncursed luckstone Coins $ - 197 gold pieces Spells and supernatural/magical abilities: Name Level Category Cost Memory a - force bolt 1 attack 1000pw 93% i - invisibility 4 escape 4000pw 70% j - jumping 1 escape 1000pw 93% k - knock 1 matter 1000pw 71% n - detect monsters 1 divination 1000pw 93% p - protection 1 clerical 1000pw 71% w - wizard lock 2 matter 2000pw 80% z - sleep 1 enchantment 1000pw 86% H - speed monster 3 escape 3000pw 93% M - magic mapping 5 divination 5000pw 81% S - stone to flesh 3 healing 3000pw 93% W - pray for help -- divine ? -- Your skills at the end: Fighting Skills wands [Skilled] Weapon Skills dagger [Skilled] bow [Expert] Spellcasting Skills Final Attributes: You were piously aligned. You were fire resistant. You were cold resistant. You were immune to sleep. You were poison resistant. You had fast metabolism. You saw invisible. You were telepathic. You had automatic searching. You had infravision. You were stealthy. You had teleport control. You were protected. You were very fast. You had reflection. You were lucky. You had extra luck. Bad luck did not time out for you. Good luck did not time out for you. You last prayed 12304 turns ago. Mars was pleased with you. You are dead. Vanquished creatures: a titanothere an Aleax 2 ettins 4 giant mimics a flesh golem 2 large mimics a wumpus 2 stalkers an air elemental a giant mummy a black naga a giant zombie a vrock 3 wargs 9 small mimics a glass piercer a warhorse a xan 5 trolls a sasquatch 3 large dogs 3 freezing spheres a flaming sphere a shocking sphere a tengu an ochre jelly a leocrotta 3 mountain centaurs a stone giant 2 human mummies a pit viper a cobra 2 carnivorous apes 2 ettin zombies 3 leather golems 4 soldiers 7 giant beetles 3 quivering blobs 4 cockatrices 6 wolves 2 winter wolf cubs 2 panthers 2 spotted jellies 2 leprechauns an orc-captain an iron piercer 3 giant spiders 2 scorpions 5 horses a black light a vampire bat 21 forest centaurs 3 gnome kings 2 dwarf mummies a brown pudding 5 rust monsters an owlbear a yeti a gold golem a werewolf 5 lizards 8 hunters a dog a dingo 3 housecats 2 jaguars 4 dwarf lords 2 blue jellies 2 white unicorns a dust vortex a raven 9 plains centaurs a gnome mummy 2 snakes an ape 8 human zombies 9 soldier ants 2 fire ants 2 bugbears 2 water nymphs a mountain nymph 18 Mordor orcs 15 Uruk-hai 8 rock piercers 2 rock moles 2 ponies 3 fog clouds 6 yellow lights 3 shriekers 2 violet fungi 13 gnome lords 11 gnomish wizards 2 kobold mummies 2 red naga hatchlings 2 guardian naga hatchlings 3 gray oozes a barrow wight 4 elf zombies 2 ghouls 2 straw golems a paper golem 7 giant ants 6 little dogs 4 floating eyes 19 dwarves a kobold lord 2 kobold shamans 35 hill orcs 8 rothes 3 centipedes 5 giant bats 2 monkeys 2 orc zombies 9 iguanas 5 killer bees 8 acid blobs 7 coyotes 3 gas spores 8 hobbits 14 manes 3 large kobolds 2 hobgoblins 8 giant rats 6 cave spiders 2 brown molds a yellow mold a green mold 3 red molds 60 gnomes 13 garter snakes 15 geckos 6 jackals 3 foxes 2 kobolds 3 goblins 12 sewer rats 9 grid bugs 9 bats 6 lichens 2 kobold zombies 12 newts 643 creatures vanquished. Genocided species: large dogs 0 species genocided by you, 1 by monsters Voluntary challenges: You used a wielded weapon 513 times, starting on turn 119. You read items or engraved 106 times, starting on turn 1283. You never genocided any monsters. You never polymorphed an object. You never changed form. You used no wishes. You never split a pudding. You wrote Elbereth's name 7 times, starting on turn 1283. You never violated your personal moral code. Dungeon overview: The Dungeons of Doom: levels 1 to 19 Level 1 an altar to Mars, a sink, a vault a long staircase Level 2 a fountain Level 3 Level 4 a fountain stairs to The Gnomish Mines Level 5 a fountain Level 6 many fountains Level 7 a bookstore stairs to Sokoban Level 8 a general store, a fountain Level 9 a fountain Level 10 Level 11 a fountain Level 12 a scroll shop portal to The Quest Level 13 a vault Level 14 a fountain Level 15 a vault Level 16 Level 17 Level 18 an altar to Mars Level 19 a throne The Gnomish Mines: levels 5 to 12 Level 5 stairs to The Dungeons of Doom Level 6 Level 7 Level 8 some shops, a temple to Mercury, some fountains Level 9 Level 10 Level 11 Level 12 a fountain The Quest: levels 1 to 2 Level 1 many trees portal to The Dungeons of Doom Level 2 <- You were here many trees Sokoban: levels 3 to 6 Level 3 Solved Level 4 Solved Level 5 Solved Level 6 Solved stairs to The Dungeons of Doom History has recorded: On T:1 you entered the Dungeons of Doom to retrieve the Amulet of Yendor! On T:106 you reached level 2 of The Dungeons of Doom. On T:326 you reached level 3 of The Dungeons of Doom. On T:538 you reached level 4 of The Dungeons of Doom. On T:828 you reached level 5 of The Dungeons of Doom. On T:895 you reached level 1 of The Gnomish Mines. On T:1585 you reached level 2 of The Gnomish Mines. On T:1665 you reached level 3 of The Gnomish Mines. On T:1917 you reached level 4 of The Gnomish Mines. On T:2013 you advanced to experience level 2. On T:2023 you advanced to experience level 3. On T:2136 you reached level 5 of The Gnomish Mines. On T:2297 you advanced to experience level 4. On T:2876 you advanced to experience level 5. On T:3928 you reached level 6 of The Dungeons of Doom. On T:4195 you reached level 7 of The Dungeons of Doom. On T:4266 you advanced to experience level 6. On T:4717 you reached level 8 of The Dungeons of Doom. On T:4862 you reached level 4 of Sokoban. On T:5212 you reached level 3 of Sokoban. On T:5707 you reached level 2 of Sokoban. On T:6094 you reached level 1 of Sokoban. On T:6383 you advanced to experience level 7. On T:7763 you reached level 9 of The Dungeons of Doom. On T:8134 you reached level 11 of The Dungeons of Doom. On T:8296 you reached level 12 of The Dungeons of Doom. On T:8324 you reached level 10 of The Dungeons of Doom. On T:8556 you reached level 1 of The Quest. On T:8582 you advanced to experience level 8. On T:8708 you reached level 13 of The Dungeons of Doom. On T:9158 you reached level 14 of The Dungeons of Doom. On T:9362 you reached level 15 of The Dungeons of Doom. On T:9444 you reached level 16 of The Dungeons of Doom. On T:9830 you reached level 17 of The Dungeons of Doom. On T:10007 you reached level 18 of The Dungeons of Doom. On T:10072 you advanced to experience level 9. On T:10552 you reached level 19 of The Dungeons of Doom. On T:12449 you reached level 6 of The Gnomish Mines. On T:13341 you reached level 7 of The Gnomish Mines. On T:13503 you reached level 8 of The Gnomish Mines. On T:13735 you advanced to experience level 10. On T:22233 you advanced to experience level 11. On T:22495 you embarked upon an epic quest. On T:22628 you reached level 2 of The Quest. On T:22665 you let a mountain centaur genocide large dogs. Score breakdown: Gold: 197 ( 7812 points) Experience: 9 levels (15756 points) Exploration: 19 levels ( 38.00%) (18182 points) Discoveries: 86 items ( 29.15%) (16197 points) Valuables value: (no points given unless you survive) Artifact value: 0 ( 0 points) Variety of kills: 141 monsters ( 37.11%) (18274 points) Turncount: 22751 turns (-3593 points) Survival: died (score multiplied by 80%) Total score: 58102 Latest messages: Please move the cursor to an unknown object. A gray dragon on the floor of a room. The gray dragon bites! The gray dragon misses. (2x) You shoot 3 elven arrows. The 1st elven arrow hits the gray dragon! The 2nd elven arrow hits the gray dragon! The 3rd elven arrow hits the gray dragon! The gray dragon bites! The gray dragon hits! The gray dragon misses. The gray dragon bites! The gray dragon misses. The gray dragon hits! The elven arrow hits the gray dragon! The gray dragon bites! The gray dragon hits! (2x) You die... Final status: Goodbye Croesus the Ranger, killed by a gray dragon... You died in The Quest on dungeon level 2 with 58102 points, and 197 pieces of gold, after 22751 moves. You were level 9 with a maximum of 68 hit points when you died.